 Dungeon Crawl Stone Soup version 0.23-a0-368-g82e90586b2 (webtiles) character file.

234 Bikalo the Poker (level 5, -4/41 HPs)
             Began as a Demonspawn Gladiator on Oct 24, 2018.
             Killed from afar by Blork the orc (8 damage)
             ... with a magic dart
             ... on level 4 of the Dungeon.
             The game lasted 00:05:00 (3700 turns).

Bikalo the Poker (Demonspawn Gladiator)             Turns: 3700, Time: 00:05:01

Health: -4/41      AC:  4    Str: 15    XL:     5   Next: 75%
Magic:  5/5        EV: 10    Int:  9    God:
Gold:   191        SH:  7    Dex: 15    Spells: 4/4 levels left

rFire    . . .     SeeInvis .   a - +0 trident
rCold    . . .     Gourm    .   k - +0 shield
rNeg     . . .     Faith    .   b - +0 leather armour
rPois    .         Spirit   .   c - +0 helmet
rElec    .         Reflect  .   (no cloak)
rCorr    .         Harm     .   (no gloves)
MR       .....                  (no boots)
Stlth    +.........             (no amulet)
HPRegen  0.13/turn              (no ring)
MPRegen  0.09/turn              (no ring)

@: drained
A: powered by pain 1, spiny 1
a: no special abilities


You were on level 4 of the Dungeon.
You were not hungry.

You visited 1 branch of the dungeon, and saw 4 of its levels.

You collected 191 gold pieces.

Inventory:

Hand Weapons
 a - a +0 trident (weapon)
Missiles
 d - 3 throwing nets (quivered)
Armour
 b - a +0 leather armour (worn)
 c - a +0 helmet (worn)
 k - a +0 shield (worn)
Jewellery
 o - an uncursed ring of stealth {unknown}
Scrolls
 g - 2 scrolls of identify {unknown}
 i - 2 scrolls of magic mapping {unknown}
 l - a scroll of remove curse {unknown}
 m - a scroll of fear {unknown}
 n - a scroll of immolation {unknown}
 q - a scroll of blinking {unknown}
Potions
 e - 4 potions of heal wounds
 h - 2 potions of curing
 j - 2 potions of flight {unknown}
 p - a potion of haste {unknown}
 r - a potion of cancellation {unknown}
Comestibles
 f - 6 rations
 s - a chunk of flesh


   Skills:
 + Level 3.0(2.0) Fighting
 * Level 4.3(3.3) Polearms
 - Level 1.7(0.7) Throwing
 - Level 0.1(0.0) Armour
 + Level 3.7(2.6) Dodging
 - Level 0.2(0.0) Stealth
 + Level 1.7(0.7) Shields


You had 4 spell levels left.
You didn't know any spells.
Your spell library was empty.

Dungeon Overview and Level Annotations

Branches:
Dungeon (4/15)             Temple (0/1) D:4

Altars:
Trog
Wu Jian
Xom

Annotations:
D:4 Blork the orc


Innate Abilities, Weirdness & Mutations

You sometimes gain a little power by taking damage.
You are partially covered in sharp spines.


Message History

You block Blork the orc's attack.
You hit Blork the orc.
Blork the orc is severely wounded.
Blork the orc casts a spell at you. You block the puff of flame.
You puncture Blork the orc!
Blork the orc is almost dead.
Blork the orc casts a spell at you. The puff of flame hits you!
Blork the orc mumbles some strange words.
Blork the orc flickers and vanishes!
Deactivating autopickup; reactivate with Ctrl-A.
You closely miss something. Something hits you!
* * * LOW HITPOINT WARNING * * *
You feel drained.
* * * LOW HITPOINT WARNING * * *
You hear some strange, mumbled words.
A magic dart appears from out of thin air!
The magic dart hits you!
You die...

#....... ## ########..
..... .%# #.# ...##..###
###.# ..$.............
.......≈≈≈≈≈...
.....≈≈≈≈≈≈≈≈≈.
#..#######..≈≈≈≈≈≈≈≈≈≈≈≈
#......@{..≈≈≈≈≈≈≈≈≈≈≈≈≈
#.########.≈≈≈≈≈≈...≈≈≈≈
#.≈≈≈≈≈≈.>.≈≈≈≈
#.≈≈≈≈≈≈...≈≈≈≈
##..≈≈≈≈≈≈≈≈≈≈≈≈ #
#.....≈≈≈≈≈≈≈≈≈.
#..#.......≈≈≈≈≈...
#....$........)÷...
................#####


There were no monsters in sight!

Vanquished Creatures
  An orc priest (D:3)
  An orc wizard (D:4)
  A worker ant (D:4)
  5 adders
  An ooze (D:1)
  7 worms
  A dart slug (D:3)
  3 leopard geckos
  9 orcs
  A ball python (D:2)
  4 giant cockroaches
  2 goblins
  8 hobgoblins
  2 jackals (D:1)
  3 quokkas
  7 bats
  4 frilled lizards
  A jackal skeleton (D:3)
  6 kobolds
  11 rats
78 creatures vanquished.

Notes
Turn   | Place    | Note
-------+----------+-------------------------------------------
     0 | D:1      | Bikalo the Demonspawn Gladiator began the quest for the
                  | Orb.
     0 | D:1      | Reached XP level 1. HP: 16/16 MP: 1/1
   461 | D:1      | Reached skill level 3 in Polearms
   484 | D:1      | Gained mutation: You are partially covered in sharp spines.
                  | [demonic ancestry]
   484 | D:1      | Reached XP level 2. HP: 22/22 MP: 2/2
  1138 | D:1      | Reached XP level 3. HP: 27/27 MP: 3/3
  1643 | D:2      | Found a shimmering altar of Xom.
  1779 | D:2      | Noticed a moth of wrath
  1782 | D:2      | Found a bloodstained altar of Trog.
  2268 | D:2      | Reached XP level 4. HP: 29/34 MP: 4/4
  2276 | D:2      | Found an ornate altar of the Wu Jian Council.
  2909 | D:3      | Reached skill level 1 in Shields
  3240 | D:3      | Gained mutation: You sometimes gain a little power by
                  | taking damage. [demonic ancestry]
  3240 | D:3      | Reached XP level 5. HP: 36/39 MP: 5/5
  3257 | D:3      | Reached skill level 4 in Polearms
  3607 | D:4      | Found a staircase to the Ecumenical Temple.
  3676 | D:4      | Noticed Blork the orc
  3700 | D:4      | Killed from afar by Blork the orc

Vault maps used:
D:1:      dpeg_arrival_round_a, minmay_misc_feat_five, solitary_fountain
D:2:      xom_teletrap_fun, lemuel_round_altar, grunt_ministairs_3, tgw_trog
D:3:      kennysheep_minor_cross
D:4:      temple_pool_b, first_ration, gup_sewer_entry_glass, uniq_blork_the_orc

Skill      XL: |  1  2  3  4  5 |
---------------+----------------+-----
Polearms       | 3 4 |  4.3
Dodging        | 3 |  3.7
Shields        | 1 |  1.7
Fighting       | 3 |  3.0
Throwing       | |  1.7
Armour         | |  0.1
Stealth        | |  0.2

Action                   |  1- 3 |  4- 6 || total
-------------------------+-------+-------++-------
Melee: Trident           |   114 |   105 ||   219
Throw: Throwing net      |     4 |       ||     4
  Use: Potion            |     1 |     1 ||     2
 Stab: Sleeping          |     4 |     2 ||     6
  Eat: Chunk             |     3 |     6 ||     9
Armor: Leather armour    |    16 |    14 ||    30
Dodge: Dodged            |    35 |    26 ||    61
Block: Shield            |     9 |    29 ||    38

Table legend:
 A = Non-vault XP
 B = Vault XP
 C = Vault XP percentage of total XP
 D = Non-vault monster count
 E = Vault monster count
 F = Vault count percentage of total count
                 A         B        C        D         E       F
            +---------+---------+-------+---------+---------+-------
      Total |     317 |      18 |   5.4 |      72 |       6 |   7.7
            +---------+---------+-------+---------+---------+-------
        D:1 |      44 |       0 |   0.0 |      25 |       0 |   0.0
        D:2 |      38 |      18 |  32.1 |      11 |       6 |  35.3
        D:3 |     110 |       0 |   0.0 |      23 |       0 |   0.0
        D:4 |     125 |       0 |   0.0 |      13 |       0 |   0.0
            +---------+---------+-------+---------+---------+-------
